 Dungeon Sprint DCSS version 0.18-a0-1347-gb9e2fb4 (webtiles) character file.

2128 Kidiri the Covert (level 9, -24/46 HPs)
             Began as a Spriggan Enchanter on Feb 17, 2016.
             Was an Initiate of Dithmenos.
             Killed from afar by a crystal guardian (33 damage)
             ... with a crystal bolt
             ... in the Dungeon (Sprint II: "The Violet Keep of Menkaure").
             The game lasted 00:19:12 (1070 turns).

Kidiri the Covert (Spriggan Enchanter)              Turns: 1070, Time: 00:19:12

Health: -24/46     AC:  3    Str:  4    XL:     9   Next: 8%
Magic:  11/24      EV: 28    Int: 18    God:    Dithmenos [......]
Gold:   83         SH:  0    Dex: 18    Spells: 8 memorised, 1 level left

rFire  . . .     SeeInvis +     a - +1 dagger
rCold  . . .     Gourm    .     b - +1 robe
rNeg   . . .     Faith    .     (shield restricted)
rPois  .         Spirit   .     (helmet restricted)
rElec  .         Dismiss  .     (no cloak)
rCorr  .         Reflect  .     (gloves unavailable)
SustAt .         Harm     .     (boots unavailable)
MR     +....     NoTele   +     (no amulet)
Stlth  +++.......               (no ring)
                                (no ring)

@: very slightly contaminated, very quick, somewhat resistant to hostile
enchantments, fairly stealthy
A: unfitting armour, see invisible, herbivore 3, speed 3, slow metabolism 2
a: Renounce Religion


You were in the Dungeon.
You worshipped Dithmenos.
Dithmenos was noncommittal.
You were not hungry.

You visited 1 branch You collected 1053 gold pieces.
You spent 970 gold pieces at shops.

Inventory:

Hand Weapons
 a - a +1 dagger (weapon)
Armour
 b - a +1 robe (worn)
Potions
 e - a potion of magic
 g - a potion of haste
 h - a potion of curing
Comestibles
 d - a bread ration


   Skills:
 + Level 4.6 Fighting
 * Level 9.1 Short Blades
 + Level 4.2 Armour
 * Level 12.0 Dodging
 * Level 13.0 Stealth
 * Level 10.3 Spellcasting
 + Level 3.2 Conjurations
 + Level 7.9 Hexes
 + Level 3.4 Ice Magic
 + Level 1.9 Air Magic
 + Level 2.2 Poison Magic
 + Level 0.0 Invocations


You had one spell level left.
You knew the following spells:

 Your Spells              Type           Power        Failure   Level  Hunger
a - Corona                Hex            #####..      1%          1    None
b - Ensorcelled Hibernat  Hex/Ice        ####..       1%          2    None
c - Confuse               Hex            #####...     1%          3    None
d - Tukima's Dance        Hex            #####...     1%          3    None
e - Dazzling Spray        Conj/Hex       ####....     2%          3    None
f - Mephitic Cloud        Conj/Pois/Air  ###.....     10%         3    None
g - Freezing Cloud        Conj/Ice/Air   ###.......   100%        6    ######.
h - Poisonous Cloud       Conj/Pois/Air  ###.......   100%        6    ######.


Dungeon Overview and Level Annotations

Branches:
Dungeon (1/1)

Altars:
Cheibriados
Dithmenos
Elyvilon
Fedhas
Gozag
Kikubaaqudgha
Makhleb
Nemelex Xobeh
Okawaru
Pakellas
Qazlal
Ru
Sif Muna
Trog
Vehumet
Xom
Yredelemnul
Zin
The Shining One
Beogh
Jiyva
Lugonu

Shops:
D ?:!=?![!*[=%(}:[

Annotations:
D exclusions: oklob plant and orange crystal statue, Kirke, Roxanne


Innate Abilities, Weirdness & Mutations

You are tiny and cannot use many weapons and most armour.
You have supernaturally acute eyesight.
You are an herbivore.
You cover ground extremely quickly.
You need consume almost no food.


Message History

Unknown command.
Press: ? - help, v - describe, . - travel The floor.
There is a cloud of foul pestilence here.
Unknown command.
Unknown command.
Read which item? (? for menu, Esc to quit)
Blink to where?
Press: ? - help, Dir - move target cursor, p - crystal guardian Really blink into a travel-excluded area?
Splash!
You fall into the shallow water.
Moving in this stuff is going to be slow.
You are very lightly contaminated with residual magic.
As you read the scroll of blinking, it crumbles to dust.
A bolt misses the death drake!
The crystal guardian fires a crystalline bolt at you.
The crystal bolt burns you!
Ouch! That really hurt!
You die... ##+##..# #.#§.# #...##.#### +.##k# ..#..# ...# #..k#### #.#.####..## ##§k##.# $?! ##'###.##..# +§8#..# $$%!

##.###..#..# #k§#:.#▓$$$$
+.<.'.##'..####§§##.#▓(?$$
##.###..#....###§§.##▓▓▓▓▓
##'###.##......§@§§≈≈≈≈≈≈≈
#...####≈§§..§§≈#+########
.##..#≈≈≈§≈≈≈..≈#........#≈
#.####≈≈≈≈§≈≈§.§#...._._.#≈
##'##≈≈≈≈§≈≈≈≈≈§#..._._._#≈
≈≈≈≈≈≈≈≈§§≈≈≈≈≈≈#.._._._.#≈
++#+++#≈§§§≈≈≈≈≈#._._._._#≈
≈§≈≈ ##≈≈≈###≈§#_._._._.#§
≈§§≈§. #§§#._._._..#≈


You could see 2 death drakes, a crystal guardian and 2 swamp drakes.

Vanquished Creatures
  3 polar bears (D)
  4 neqoxecs (D)
  Menkaure (D)
  4 necrophages (D)
  A wasp (D)
  A hell rat (D)
  4 worker ants (D)
18 creatures vanquished.

Vanquished Creatures (collateral kills)
  A siren (D)
1 creature vanquished.

Vanquished Creatures (others)
  A yaktaur (D)
  A crocodile (D)
2 creatures vanquished.

Grand Total: 21 creatures vanquished

Notes
Turn   | Place    | Note
--------------------------------------------------------------
     0 | D        | Kidiri the Spriggan Enchanter began the quest for the Orb.
     0 | D        | Reached XP level 1. HP: 9/9 MP: 5/5
     1 | D        | Noticed a necrophage
     1 | D        | Noticed a necrophage
     1 | D        | Noticed a necrophage
     1 | D        | Noticed a necrophage
    10 | D        | Killed a necrophage
    10 | D        | Reached skill level 1 in Fighting
    10 | D        | Reached skill level 1 in Armour
    10 | D        | Reached skill level 6 in Dodging
    10 | D        | Reached skill level 7 in Stealth
    10 | D        | Reached skill level 5 in Spellcasting
    10 | D        | Reached XP level 2. HP: 8/14 MP: 6/9
    10 | D        | Reached XP level 3. HP: 9/17 MP: 6/10
    10 | D        | Reached XP level 4. HP: 11/22 MP: 7/12
    16 | D        | Killed a necrophage
    16 | D        | Reached skill level 8 in Stealth
    16 | D        | Reached skill level 5 in Hexes
    16 | D        | Reached XP level 5. HP: 13/26 MP: 7/14
    24 | D        | Killed a necrophage
    24 | D        | Reached skill level 5 in Short Blades
    24 | D        | Reached skill level 9 in Stealth
    39 | D        | HP: 1/26 [necrophage (6)]
   104 | D        | Learned a level 3 spell: Confuse
   107 | D        | Learned a level 2 spell: Ensorcelled Hibernation
   108 | D        | Killed a crocodile
   111 | D        | Learned a level 3 spell: Tukima's Dance
   115 | D        | Learned a level 3 spell: Dazzling Spray
   127 | D        | Noticed an orange crystal statue
   143 | D        | Killed a necrophage
   143 | D        | Reached XP level 6. HP: 14/32 MP: 14/17
   325 | D        | Noticed a siren
   328 | D        | Noticed a neqoxec
   328 | D        | Noticed a neqoxec
   328 | D        | Noticed a neqoxec
   328 | D        | Noticed a neqoxec
   330 | D        | Killed a neqoxec
   330 | D        | Reached skill level 10 in Stealth
   330 | D        | Reached skill level 1 in Conjurations
   330 | D        | Reached skill level 1 in Ice Magic
   330 | D        | Gained mutation: You tend to lose your temper in combat. [a neqoxec]
   330 | D        | Gained mutation: Armour fits poorly on your strangely shaped body. [a neqoxec]
   335 | D        | Gained mutation: Your spells are a little harder to cast, but a little more powerful. [a neqoxec]
   347 | D        | Killed a neqoxec
   347 | D        | Reached XP level 7. HP: 19/36 MP: 14/19
   354 | D        | Killed a neqoxec
   354 | D        | Reached skill level 10 in Dodging
   354 | D        | Reached skill level 11 in Stealth
   359 | D        | Gained mutation: Your magical capacity is low (-10% MP). [a neqoxec]
   360 | D        | Killed a neqoxec
   588 | D        | Killed a siren
   588 | D        | Reached XP level 8. HP: 17/42 MP: 1/20
   781 | D        | Noticed Menkaure
   782 | D        | Noticed Kirke
   782 | D        | Noticed a skeletal warrior
   782 | D        | Noticed a kobold demonologist
   783 | D        | Killed Menkaure
   783 | D        | Reached skill level 12 in Stealth
   800 | D        | Noticed Roxanne
   805 | D        | Found Ziediad's Antique Armour Emporium.
   806 | D        | Found Uhiaph's Gadget Emporium.
   806 | D        | Found Hoevitam's Antique Weapon Shoppe.
   812 | D        | Found Uruery's Jewellery Emporium.
   812 | D        | Found Goclekug's Antique Armour Shoppe.
   814 | D        | Found Oxuas's Book Shoppe.
   814 | D        | Found Xemeidumn's General Store.
   815 | D        | Found Tynn's Antique Armour Emporium.
   815 | D        | Found Buodez's Distillery.
   815 | D        | Found Viroz's Food Emporium.
   815 | D        | Found Ferery's Magic Scroll Shoppe.
   815 | D        | Noticed a slime creature
   816 | D        | Found Fumn's Distillery.
   818 | D        | Found Cuymm's Jewellery Shoppe.
   818 | D        | Found Heogueprih's Distillery.
   818 | D        | Noticed a slime creature
   818 | D        | Noticed a slime creature
   818 | D        | Noticed an oklob plant
   819 | D        | Found Naofim's Magic Scroll Shoppe.
   819 | D        | Found Duti's Book Shoppe.
   820 | D        | Noticed a spiny frog
   822 | D        | Noticed a spiny frog
   844 | D        | Bought 2 potions of magic for 160 gold pieces
   844 | D        | Bought 2 potions of curing for 60 gold pieces
   844 | D        | Bought a potion of cure mutation for 250 gold pieces
   844 | D        | Bought a potion of heal wounds for 50 gold pieces
   847 | D        | Lost mutation: You tend to lose your temper in combat. [potion of cure mutation]
   847 | D        | Lost mutation: Armour fits poorly on your strangely shaped body. [potion of cure mutation]
   847 | D        | Lost mutation: Your magical capacity is low (-10% MP). [potion of cure mutation]
   847 | D        | Lost mutation: Your spells are a little harder to cast, but a little more powerful. [potion of cure mutation]
   852 | D        | Bought a book of Clouds for 450 gold pieces
   859 | D        | Learned a level 6 spell: Freezing Cloud
   863 | D        | Learned a level 3 spell: Mephitic Cloud
   902 | D        | Found a sacrificial altar of Ru.
   903 | D        | Found a glowing silver altar of Zin.
   903 | D        | Found a radiant altar of Vehumet.
   903 | D        | Found a sparkling altar of Nemelex Xobeh.
   904 | D        | Found a viscous altar of Jiyva.
   904 | D        | Found a snail-covered altar of Cheibriados.
   905 | D        | Found a deep blue altar of Sif Muna.
   905 | D        | Found a bloodstained altar of Trog.
   905 | D        | Found a blossoming altar of Fedhas.
   906 | D        | Found a stormy altar of Qazlal.
   906 | D        | Found a burning altar of Makhleb.
   907 | D        | Found a white marble altar of Elyvilon.
   907 | D        | Found an opulent altar of Gozag.
   908 | D        | Found a corrupted altar of Lugonu.
   908 | D        | Found a shimmering altar of Xom.
   908 | D        | Found an ancient bone altar of Kikubaaqudgha.
   908 | D        | Noticed a polar bear
   918 | D        | Noticed a yaktaur
   930 | D        | Killed a polar bear
   930 | D        | Reached skill level 1 in Poison Magic
   932 | D        | Noticed a polar bear
   932 | D        | Noticed a polar bear
   933 | D        | Killed a polar bear
   933 | D        | Reached skill level 1 in Air Magic
   937 | D        | Paralysed by a wasp for 2 turns
   947 | D        | Reached skill level 10 in Spellcasting
   952 | D        | Killed a yaktaur
   961 | D        | Killed a polar bear
   961 | D        | Reached skill level 13 in Stealth
   961 | D        | Reached XP level 9. HP: 41/46 MP: 11/24
   999 | D        | Learned a level 6 spell: Poisonous Cloud
  1007 | D        | Found a glowing golden altar of the Shining One.
  1007 | D        | Found a roughly hewn altar of Beogh.
  1007 | D        | Found an oddly glowing altar of Pakellas.
  1008 | D        | Found an iron altar of Okawaru.
  1008 | D        | Found a shadowy altar of Dithmenos.
  1008 | D        | Found a basalt altar of Yredelemnul.
  1014 | D        | Noticed an ice statue
  1018 | D        | Became a worshipper of Dithmenos the Shadowed
  1054 | D        | Noticed a death drake
  1057 | D        | Noticed a death drake
  1057 | D        | Noticed a crystal guardian
  1070 | D        | Killed from afar by a crystal guardian

Vault maps used:
D:        the_violet_keep_of_menkaure

Action                   |  1- 3 |  4- 6 |  7- 9 || total
-------------------------+-------+-------+-------++-------
Melee: Dagger            |     5 |    34 |    50 ||    89
 Cast: Confuse           |       |     3 |    13 ||    16
       Dazzling Spray    |       |     3 |     9 ||    12
       Ensorcelled Hiber |       |     1 |     9 ||    10
       Tukima's Dance    |       |       |     2 ||     2
       Corona            |       |       |     1 ||     1
       Mephitic Cloud    |       |       |     2 ||     2
  Use: Potion            |     1 |     2 |     6 ||     9
       Scroll            |       |       |     1 ||     1
 Stab: Sleeping          |     1 |     1 |     5 ||     7
       Confused          |       |     1 |     5 ||     6
       Invisible         |       |     1 |     3 ||     4
